[Event "Norway Chess 2015 Blitz"]
[Site "Stavanger"]
[Date "2015.06.15"]
[Round "5"]
[White "Giri, Anish"]
[Black "Grischuk, Alexander"]
[Result "1/2-1/2"]
[ECO "A37"]
[WhiteElo "2771"]
[BlackElo "2839"]
[Annotator ""]
[PlyCount "113"]
[EventDate "2015.??.??"]
[EventCountry "NOR"]
[TimeControl "180+2"]

1. Nf3 c5 2. c4 Nc6 3. g3 g6 4. Bg2 Bg7 5. Nc3 d6 6. O-O e6 7. e3 Nge7 8.
d4 O-O 9. b3 Nf5 10. Bb2 cxd4 11. Nxd4 Ncxd4 12. exd4 Nxd4 13.
Qd2 e5 14. Rad1 Bg4 15. f3 Be6 16. f4 Qd7 17. Nd5 Rac8 18. Qf2 Qd8 19. fxe5 dxe5 20. Nf6+ Bxf6 21. Qxf6 Qxf6 22. Rxf6 Rcd8 23.
Re1 Nc6 24. Bxe5 Nxe5 25. Rxe5 b6 26. c5 Kg7 27. Rf2 bxc5 28.
Rxc5 Rd1+ 29. Rf1 Rfd8 30. Rc2 R1d4 31. Rc5 Rd2 32. Ra5 Rb2 33. Rf2 Rd1+ 34. Bf1 Rbb1 35. Kg2 Bd5+ 36. Kh3 Be6+ 37. Kg2 Bd5+ 38. Kh3 h5 39. Bc4 Bxc4 40. bxc4 Rb7 41. Rc2 Rc7 42. c5 Rd5 43.
Kg2 g5 44. Ra4 Rdxc5 45. Rxc5 Rxc5 46. Rxa7 Rc2+ 47. Kg1 Kg6 48.
Ra5 g4 49. a4 Ra2 50. Ra8 Kf5 51. Rh8 Rxa4 52. Rxh5+ Ke4 53. Rb5 Ra1+ 54. Kg2 Ra2+ 55. Kg1 f5 56. Rb4+ Ke5 57. Rb5+ 1/2-1/2

[Event "Norway Chess 2015 Blitz"]
[Site "Stavanger"]
[Date "2015.06.15"]
[Round "5"]
[White "Vachier-Lagrave, Maxime"]
[Black "Nakamura, Hikaru"]
[Result "0-1"]
[ECO "B08"]
[WhiteElo "2886"]
[BlackElo "2883"]
[Annotator ""]
[PlyCount "62"]
[EventDate "2015.??.??"]
[EventCountry "NOR"]
[TimeControl "180+2"]

1. Nf3 g6 2. e4 Bg7 3. d4 d6 4. Nc3 Nf6 5. Be3 c6 6. a4 a5 7. h3 Na6 8.
Be2 O-O 9. O-O Nb4 10. Re1 Qc7 11. Bf4 Nh5 12. Bh2 e5 13. Bc4 Qe7 14. Ne2 d5 15. Bb3 dxe4 16. Nxe5 Be6 17. Bxe6 Qxe6 18. g4 Nf6 19. Nf4 Qc8 20. f3 exf3 21. c3 f2+ 22. Kxf2 Nbd5 23. Nfd3 Nd7 24. Qb3 Nxe5 25. Bxe5 f5 26. g5 f4 27. Bxg7 Kxg7 28. Kg2 Qf5 29. Qxb7+ Kh8 30. Ne5 f3+ 31. Kf2 Rab8 0-1

[Event "Norway Chess 2015 Blitz"]
[Site "Stavanger"]
[Date "2015.06.15"]
[Round "6"]
[White "Anand, Viswanathan"]
[Black "Carlsen, Magnus"]
[Result "0-1"]
[ECO "C60"]
[WhiteElo "2767"]
[BlackElo "2933"]
[Annotator ""]
[PlyCount "96"]
[EventDate "2015.??.??"]
[EventCountry "NOR"]
[TimeControl "180+2"]

1. e4 e5 2. Nf3 Nc6 3. Bb5 g6 4. O-O Bg7 5. c3 a6 6. Ba4 d6 7. d4 Bd7 8.
Bg5 f6 9. Be3 Nh6 10. dxe5 dxe5 11. h3 Nf7 12. c4 O-O 13. Nc3 f5 14. Re1 Re8 15. Nd5 f4 16. Bd2 g5 17. Bc3 h5 18. Nh2 g4 19. hxg4 hxg4 20.
Nxg4 Qh4 21. Ndf6+ Bxf6 22. Qxd7 Rad8 23. Qf5 Bg7 24. Bxc6 bxc6 25. Rad1 Rd6 26. Rxd6 cxd6 27. c5 dxc5 28. Rd1 Rd8 29. Rxd8+ Qxd8 30. Nxe5 Bxe5 31. Bxe5 Nxe5 32. Qxe5 Qd2 33. Qc3 Qd1+ 34. Kh2 Qe2 35. b3 Qh5+ 36. Qh3 Qe2 37.
Qf3 Qd2 38. e5 Kf7 39. Kh3 Ke7 40. Kg4 Qxa2 41. Qxf4 Qxb3 42. Qf6+ Ke8 43. e6 Qd1+ 44. f3 Qd4+ 45. Kf5 Qxf6+ 46. Kxf6 c4 47. g4 c3 48. g5 c2 0-1

[Event "Norway Chess 2015 Blitz"]
[Site "Stavanger"]
[Date "2015.06.15"]
[Round "6"]
[White "Grischuk, Alexander"]
[Black "Vachier-Lagrave, Maxime"]
[Result "1/2-1/2"]
[ECO "B24"]
[WhiteElo "2839"]
[BlackElo "2886"]
[Annotator ""]
[PlyCount "101"]
[EventDate "2015.??.??"]
[EventCountry "NOR"]
[TimeControl "180+2"]

1. Nc3 c5 2. e4 Nc6 3. Bb5 Nd4 4. Nf3 a6 5. Bd3 Nc6 6. e5 e6 7. O-O d5 8.
exd6 Bxd6 9. Ne4 Be7 10. b3 f5 11. Ng3 Bf6 12. Rb1 g6 13. Re1 Nge7 14. Bb2 Bxb2 15. Rxb2 O-O 16. a4 Nd5 17. Bc4 Qf6 18. Rb1 Bd7 19. c3 Rad8 20. b4 cxb4 21. Bxd5 exd5 22. cxb4 f4 23. Nf1 Bg4 24. h3 Bxf3 25. Qxf3 Nd4 26. Qd3 f3 27. g3 Ne2+ 28. Kh2 d4 29. b5 a5 30.
b6 Kh8 31. Rb5 Rc8 32. Rxa5 Qxb6 33. Rb5 Qa6 34. Qb3 Rc7 35. Rb1 Rff7 36. a5 Qf6 37. Qd5 Rcd7 38. Qe4 Rfe7 39. Qd3 h5 40. Rb6 Qf5 41. Qxf5 gxf5 42. R1b5 Rf7 43. Rh6+ Kg7 44. Rxh5 Rc7 45. g4 Rc1 46. Ng3 Rg1 47. Nxf5+ Rxf5 48. Rhxf5 Rg2+ 49. Kh1 Rg1+ 50. Kh2 Rg2+ 51. Kh1 1/2-1/2

[Event "Norway Chess 2015 Blitz"]
[Site "Stavanger"]
[Date "2015.06.15"]
[Round "6"]
[White "Hammer, Jon Ludvig"]
[Black "Giri, Anish"]
[Result "0-1"]
[ECO "B46"]
[WhiteElo "2648"]
[BlackElo "2771"]
[Annotator ""]
[PlyCount "100"]
[EventDate "2015.??.??"]
[EventCountry "NOR"]
[TimeControl "180+2"]

1. e4 c5 2. Nf3 e6 3. d4 cxd4 4. Nxd4 Nc6 5. Nc3 a6 6. Be3 Nf6 7. Nxc6 bxc6 8. Bd3 d5 9. e5 Nd7 10. f4 c5 11. Bf2 g5 12. Qh5 gxf4 13. O-O Bg7 14. Rae1 c4 15. Nxd5 cxd3 16. Bh4 Qa5 17. Rxf4 O-O 18. Rg4 f6 19. exf6 Qc5+ 20. Kh1 Rf7 21. Rxe6 dxc2 22. Ne7+ Rxe7 23. Rxg7+ Rxg7 24. Re8+ Qf8 25. Rxf8+ Nxf8 26. Qc5 Rg4 27. Qxc2 Rxh4 28.
Qb3+ Be6 29. Qg3+ Rg4 30. Qc7 Bf7 31. h3 Rg6 32. Qc6 Rb8 33.
b3 a5 34. Kh2 Re8 35. Qb6 Re2 36. Kh1 Rgxg2 37. Qd6 Rg6 38. a4 Re1+ 39. Kh2 Re2+ 40. Kh1 Rf2 41. Qc6 Rf1+ 42. Kh2 Rf2+ 43. Kh1 Rf5 44. Kh2 Rfxf6 45. Qc5 Be8 46. h4 Ne6 47. Qc8 Rf8 48. h5 Rgf6 49. Kg3 Bxh5 50. Qc3 Rf3+ 0-1

[Event "Norway Chess 2015 Blitz"]
[Site "Stavanger"]
[Date "2015.06.15"]
[Round "6"]
[White "Nakamura, Hikaru"]
[Black "Caruana, Fabiano"]
[Result "1-0"]
[ECO "A33"]
[WhiteElo "2883"]
[BlackElo "2679"]
[Annotator ""]
[PlyCount "63"]
[EventDate "2015.??.??"]
[EventCountry "NOR"]
[TimeControl "180+2"]

1. Nf3 Nf6 2. c4 c5 3. Nc3 Nc6 4. d4 cxd4 5. Nxd4 e6 6. a3 Bc5 7. Nb3 Be7 8. e4 O-O 9. Be2 b6 10. O-O Ba6 11. Be3 Rc8 12. f4 d6 13.
Rc1 Nd7 14. Nd2 Bf6 15. Nf3 Na5 16. b3 Nc5 17. Nd2 Nd7 18. Nb5 Bxb5 19. cxb5 d5 20. e5 Be7 21. b4 Nb7 22. Nb3 Rxc1 23. Qxc1 Qa8 24. Qc7 Rd8 25. Nd4 Qb8 26. Qxb8 Nxb8 27. Nc6 Re8 28. Nxa7 Nd7 29. Rc1 Ra8 30. Rc7 Rxa7 31. Rxd7 Kf8 32. Bxb6 1-0

[Event "Norway Chess 2015 Blitz"]
[Site "Stavanger"]
[Date "2015.06.15"]
[Round "6"]
[White "Topalov, Veselin"]
[Black "Aronian, Levon"]
[Result "0-1"]
[ECO "C54"]
[WhiteElo "2641"]
[BlackElo "2816"]
[Annotator ""]
[PlyCount "73"]
[EventDate "2015.??.??"]
[EventCountry "NOR"]
[TimeControl "180+2"]

1. e4 e5 2. Nf3 Nc6 3. Bc4 Bc5 4. c3 Nf6 5. d3 a6 6. O-O d6 7. a4 Ba7 8. h3 Ne7 9. Re1 Ng6 10. Be3 Bxe3 11. Rxe3 O-O 12. Nbd2 d5 13. exd5 Nxd5 14. Bxd5 Qxd5 15. Qb3 Qxb3 16. Nxb3 f6 17. d4 exd4 18. Nfxd4 Ne5 19. a5 Rd8 20. Ra4 b6 21. axb6 cxb6 22. f4 Bd7 23. Rb4 a5 24. fxe5 axb4 25. exf6 bxc3 26. bxc3 gxf6 27. Nd2 Be8 28. Ne4 Bg6 29. Nxf6+ Kf7 30. Ng4 Re8 31. Ne5+ Kg7 32. h4 Ra5 33. Ndc6 Rc5 34. Kf2 Re6 35. Nxg6 Rxe3 36. Kxe3 Rxc3+ 37. Kd4 0-1

[Event "Norway Chess 2015 Blitz"]
[Site "Stavanger"]
[Date "2015.06.15"]
[Round "7"]
[White "Carlsen, Magnus"]
[Black "Nakamura, Hikaru"]
[Result "1-0"]
[ECO "A04"]
[WhiteElo "2933"]
[BlackElo "2883"]
[Annotator ""]
[PlyCount "127"]
[EventDate "2015.??.??"]
[EventCountry "NOR"]
[TimeControl "180+2"]

1. Nf3 g6 2. e4 Bg7 3. d4 d6 4. Bc4 c6 5. Bb3 d5 6. Qe2 dxe4 7. Qxe4 Nf6 8.
Qh4 h6 9. Ne5 e6 10. c3 Nbd7 11. Nc4 Nb6 12. Nba3 Nxc4 13. Nxc4 Qe7 14. O-O Nd5 15. Qg3 O-O 16. Re1 c5 17. Nd6 Qc7 18. Bxd5 exd5 19. Bf4 g5 20. Be3 c4 21. h4 f6 22. Nxc8 Raxc8 23. Qg4 Rcd8 24. Bd2 Qd7 25.
Qxd7 Rxd7 26. f4 gxf4 27. h5 Kf7 28. Bxf4 Rg8 29. Re3 Bf8 30.
Rf1 Re7 31. Rxe7+ Bxe7 32. Kf2 f5 33. Re1 Bf6 34. Kf3 b5 35.
g3 a5 36. a3 Ra8 37. Ra1 Re8 38. Rb1 Ra8 39. b3 b4 40. axb4 axb4 41. bxc4 Ra3 42. Rxb4 Rxc3+ 43. Ke2 dxc4 44. d5 Rd3 45. Rb7+ Ke8 46. d6 Rd5 47. Rh7 c3 48. Rxh6 Bg7 49. Re6+ Kf7 50. Re7+ Kf6 51. Rc7 Bf8 52. Rxc3 Ra5 53. Rd3 Ra8 54. d7 Be7 55.
Bc7 Kg5 56. d8=Q Bxd8 57. Bxd8+ Kxh5 58. Kf3 Ra1 59. Bc7 Rf1+ 60. Kg2 Ra1 61. Rd4 Kg5 62. Bf4+ Kh5 63. Rd6 Rb1 64. Rh6+ 1-0

[Event "Norway Chess 2015 Blitz"]
[Site "Stavanger"]
[Date "2015.06.15"]
[Round "7"]
[White "Caruana, Fabiano"]
[Black "Grischuk, Alexander"]
[Result "1-0"]
[ECO "B31"]
[WhiteElo "2679"]
[BlackElo "2839"]
[Annotator ""]
[PlyCount "103"]
[EventDate "2015.??.??"]
[EventCountry "NOR"]
[TimeControl "180+2"]

1. e4 c5 2. Nf3 Nc6 3. Bb5 g6 4. Bxc6 bxc6 5. O-O Bg7 6. Re1 Rb8 7. c3 Nf6 8. d4 cxd4 9. cxd4 O-O 10. Nc3 d6 11. h3 Nd7 12. b3 c5 13.
Be3 Bb7 14. Rc1 Rc8 15. Qd2 Re8 16. dxc5 Nxc5 17. Bd4 Bf8 18.
Qe3 a5 19. Nd5 Ba8 20. Red1 Nd7 21. Rxc8 Qxc8 22. Rc1 Qb8 23. Ba7 Qd8 24. Nc7 Nf6 25. Nxe8 Qxe8 26. Nd2 h5 27. Qd3 Kh7 28. Be3 Bg7 29. Rc7 d5 30. e5 Ne4 31. Nxe4 dxe4 32. Qd7 Qb8 33. Qxe7 Bd5 34. Qc5 Be6 35. Qxa5 Qd8 36. Qc3 h4 37. Kh2 g5 38. Rc5 g4 39. hxg4 Bxg4 40.
Qd4 Qa8 41. Rc4 Bf5 42. Bf4 Qxa2 43. Qe3 Qa1 44. Rc1 Qb2 45. Rc7 Bg6 46. e6 fxe6 47. Qa7 Kg8 48. Qb8+ Kh7 49. Qb7 Kg8 50. Qc8+ Kh7 51. Qxe6 e3 52. Be5 1-0

[Event "Norway Chess 2015 Blitz"]
[Site "Stavanger"]
[Date "2015.06.15"]
[Round "7"]
[White "Giri, Anish"]
[Black "Topalov, Veselin"]
[Result "1/2-1/2"]
[ECO "C00"]
[WhiteElo "2771"]
[BlackElo "2641"]
[Annotator ""]
[PlyCount "90"]
[EventDate "2015.??.??"]
[EventCountry "NOR"]
[TimeControl "180+2"]

1. e4 e6 2. d3 c5 3. g3 Nc6 4. Bg2 g6 5. Nf3 Bg7 6. O-O Nge7 7. c3 O-O 8.
Re1 e5 9. Na3 d6 10. Nc2 h6 11. a3 Be6 12. b4 b6 13. b5 Na5 14. c4 Nb3 15.
Rb1 Nxc1 16. Qxc1 Qd7 17. Ne3 Bh3 18. Nd5 Nxd5 19. cxd5 Kh7 20. Nd2 Bxg2 21. Kxg2 f5 22.
f3 Rf7 23. Nc4 Raf8 24. Rf1 h5 25. Qd1 Bh6 26. Rb2 h4 27. a4 Qe7 28. Kg1 Qd8 29. Rg2 Kg7 30. Qe2 Bg5 31. f4 fxe4 32. dxe4 h3 33. Rgf2 exf4 34. Qg4 fxg3 35. Rxf7+ Rxf7 36. Rxf7+ Kxf7 37. Qxg3 Qf6 38. Nxd6+ Kf8 39. e5 Qf4 40. Qxh3 Qd4+ 41. Kf1 Qd1+ 42. Kf2 Qd2+ 43. Kf1 Qd1+ 44. Kf2 Qd2+ 45. Kf1 Qd1+ 1/2-1/2

[Event "Norway Chess 2015 Blitz"]
[Site "Stavanger"]
[Date "2015.06.15"]
[Round "7"]
[White "Vachier-Lagrave, Maxime"]
[Black "Hammer, Jon Ludvig"]
[Result "1-0"]
[ECO "A06"]
[WhiteElo "2886"]
[BlackElo "2648"]
[Annotator ""]
[PlyCount "65"]
[EventDate "2015.??.??"]
[EventCountry "NOR"]
[TimeControl "180+2"]

1. Nf3 d5 2. g3 g6 3. Bg2 Bg7 4. O-O e5 5. d3 Ne7 6. e4 O-O 7. exd5 Nxd5 8. Nc3 Nb6 9. a4 a5 10. Bg5 f6 11. Be3 Nc6 12. d4 Nc4 13. dxe5 Qxd1 14. Raxd1 Nxb2 15. Rb1 Nc4 16. Bc5 Rf7 17. exf6 Bxf6 18. Nd5 Bd8 19. Rfe1 b6 20. Re8+ Kg7 21. Nd4 Bd7 22. Ne6+ Kh6 23. Nxd8 Rxd8 24. Rxd8 Nxd8 25. Bd4 Ne6 26. Bc3 Bxa4 27. Re1 Nc5 28. h4 Bxc2 29. Ne7 Nd3 30.
Ng8+ Kh5 31. Re7 Rxf2 32. Bh3 h6 33. Rh7 1-0

[Event "Norway Chess 2015 Blitz"]
[Site "Stavanger"]
[Date "2015.06.15"]
[Round "8"]
[White "Giri, Anish"]
[Black "Vachier-Lagrave, Maxime"]
[Result "1/2-1/2"]
[ECO "D71"]
[WhiteElo "2771"]
[BlackElo "2886"]
[Annotator ""]
[PlyCount "92"]
[EventDate "2015.??.??"]
[EventCountry "NOR"]
[TimeControl "180+2"]

1. d4 Nf6 2. c4 g6 3. g3 Bg7 4. Bg2 O-O 5. Nc3 Nc6 6. Nf3 d5 7.
cxd5 Nxd5 8. O-O Bf5 9. Nd2 Ndb4 10. d5 Bc2 11. Qe1 Ne5 12. a3 Na6 13. Nf3 Nc4 14. Bf4 c6 15. Qc1 Bb3 16. dxc6 bxc6 17. Nd2 Nxd2 18. Qxd2 Qxd2 19. Bxd2 Rab8 20. Bxc6 Rfc8 21. Bf3 Nc5 22.
Rac1 Bc4 23. Be3 Nb3 24. Rcd1 Rc7 25. Nd5 Bxd5 26. Bxd5 Be5 27.
Bh6 Nd4 28. e3 Nf5 29. Bf4 Bxf4 30. exf4 Rxb2 31. Rc1 Rxc1 32. Rxc1 e6 33. Be4 Nd6 34. Bc6 Ra2 35. a4 Rd2 36. Rc5 Kg7 37. Ra5 Rc2 38. Ra6 h5 39. Bf3 Nf5 40. Rxa7 Ra2 41.
h4 Ra1+ 42. Kg2 Ra2 43. Kg1 Ra1+ 44. Kg2 Ra2 45. Kg1 Ra1+ 46.
Kg2 Ra2 1/2-1/2

[Event "Norway Chess 2015 Blitz"]
[Site "Stavanger"]
[Date "2015.06.15"]
[Round "8"]
[White "Grischuk, Alexander"]
[Black "Carlsen, Magnus"]
[Result "1-0"]
[ECO "A81"]
[WhiteElo "2839"]
[BlackElo "2933"]
[Annotator ""]
[PlyCount "107"]
[EventDate "2015.??.??"]
[EventCountry "NOR"]
[TimeControl "180+2"]

1. d4 f5 2. g3 e6 3. Bg2 Nf6 4. c4 c5 5. d5 exd5 6. cxd5 d6 7. Nc3 Be7 8. Nh3 Na6 9. Nf4 Nc7 10. a4 O-O 11. O-O Ng4 12. Rb1 Bf6 13. Qc2 Qe8 14. b4 cxb4 15. Rxb4 Na6 16. Rb1 Bd7 17. Nb5 Rc8 18. Qa2 Bxb5 19. axb5 Nc5 20. Ne6 Ne4 21. Bd2 Qh5 22. h3 Ne5 23. Bb4 Rfe8 24. Rbc1 h6 25.
Nf4 Qf7 26. Bxe4 fxe4 27. Bxd6 e3 28. fxe3 Nd7 29. Rxc8 Rxc8 30. Qxa7 Qe8 31. Ne6 Rc2 32. Rf2 Rc1+ 33. Kh2 Qg6 34.
Qa8+ Kh7 35. Qa3 Rd1 36. Qb3 Rd2 37. Qc4 Qb1 38. Qg4 Rd1 39. Qf5+ Qxf5 40. Rxf5 g6 41. Rf2 Rxd5 42. Nf8+ Nxf8 43. Rxf6 Kg7 44. Rxf8 Rxd6 45. Rc8 Rd2 46. Kg2 Kf6 47. Rc7 Rxe2+ 48. Kf3 Rh2 49. h4 Rb2 50. Rxb7 Rb4 51. Rb8 g5 52. hxg5+ hxg5 53. b6 g4+ 54. Ke2 1-0

[Event "Norway Chess 2015 Blitz"]
[Site "Stavanger"]
[Date "2015.06.15"]
[Round "8"]
[White "Hammer, Jon Ludvig"]
[Black "Caruana, Fabiano"]
[Result "1-0"]
[ECO "B41"]
[WhiteElo "2648"]
[BlackElo "2679"]
[Annotator ""]
[PlyCount "101"]
[EventDate "2015.??.??"]
[EventCountry "NOR"]
[TimeControl "180+2"]

1. e4 c5 2. Nf3 e6 3. d4 cxd4 4. Nxd4 a6 5. c4 Nf6 6. Nc3 Bb4 7. Qd3 O-O 8.
Be2 Bxc3+ 9. bxc3 d6 10. Ba3 Re8 11. O-O b6 12. Nf3 Bb7 13. Nd2 d5 14. e5 Nfd7 15. f4 Nc5 16. Qg3 Nbd7 17. Rad1 Qc7 18. Kh1 Nf8 19. h4 h6 20.
h5 Rad8 21. Qe3 Rd7 22. Nb3 Ne4 23. cxd5 exd5 24. Nd4 Ne6 25.
Rc1 Qd8 26. Bd3 Qh4+ 27. Kg1 Qxh5 28. Bxe4 dxe4 29. f5 Ng5 30. Qf4 e3 31. Rce1 Bd5 32. Rxe3 Bc4 33. Rfe1 Rdd8 34. Rg3 Rc8 35. Nf3 Nxf3+ 36. gxf3 Bd3 37. f6 Bg6 38. fxg7 Re6 39. Rd1 Kxg7 40. Be7 Kh7 41. Bf6 Ree8 42. Rd2 Rxc3 43. Rh2 Qxh2+ 44. Kxh2 Rec8 45. Rh3 Rc2+ 46. Kg3 h5 47. Qg5 Rg8 48. Kf4 Rc4+ 49. Ke3 Rc3+ 50. Kf2 Rc2+ 51. Ke1 1-0

[Event "Norway Chess 2015 Blitz"]
[Site "Stavanger"]
[Date "2015.06.15"]
[Round "8"]
[White "Nakamura, Hikaru"]
[Black "Aronian, Levon"]
[Result "1-0"]
[ECO "A20"]
[WhiteElo "2883"]
[BlackElo "2816"]
[Annotator ""]
[PlyCount "167"]
[EventDate "2015.??.??"]
[EventCountry "NOR"]
[TimeControl "180+2"]

1. c4 e5 2. g3 c6 3. Nf3 e4 4. Nd4 d5 5. cxd5 Qxd5 6. Nc2 Nf6 7. Nc3 Qh5 8.
h3 Na6 9. Bg2 Qg6 10. b3 Bc5 11. Bb2 O-O 12. Na4 Be7 13. Ne3 Nd5 14. Nxd5 cxd5 15. O-O Be6 16. Nc3 Bf6 17. Rc1 Rac8 18. Ba3 Rfd8 19. Nb5 Be5 20. d4 Bb8 21. Qd2 Bd7 22. Nc3 Bc6 23. Qe3 Re8 24. h4 Rcd8 25. Qg5 Qe6 26. Nd1 Nc7 27. Ne3 h6 28. Qf5 Nb5 29. Bb2 Nd6 30.
Qxe6 Rxe6 31. Bh3 Ree8 32. a4 g6 33. Ng4 Kg7 34. Ne5 e3 35.
f3 Nf5 36. Bxf5 gxf5 37. Nxc6 bxc6 38. f4 Re6 39. Kg2 Bc7 40.
Rfd1 Rb8 41. Rd3 Ba5 42. Bc3 Bxc3 43. Rcxc3 Rb4 44. Kf3 Kf6 45. Rc5 Ke7 46. Ra5 Rb7 47. b4 Rxb4 48. Rxa7+ Kf6 49. Rd1 Re4 50. Ra6 Rc4 51. a5 Ke6 52. Ra8 Rexd4 53. Rxd4 Rxd4 54. Rh8 Ra4 55. Rxh6+ Kd7 56. Rf6 Rxa5 57. Rxf7+ Ke6 58. Rc7 Kd6 59. Rc8 d4 60. Rd8+ Kc5 61. h5 Ra1 62. h6 Rh1 63. Rf8 Rxh6 64. Rxf5+ Kc4 65. Ra5 Rh2 66. f5 c5 67. Ra2 Kb3 68. Ra5 Kb4 69. Ra2 c4 70. Ke4 d3 71. Kxe3 Kb3 72.
Rd2 Kc3 73. f6 Rg2 74. f7 Rxg3+ 75. Kf2 Kxd2 76. f8=Q Rg6 77. Qf4+ Kc3 78. Qc1+ Kd4 79. Qb2+ Ke4 80. exd3+ cxd3 81. Qb4+ Kd5 82. Ke3 Rg3+ 83. Kf4 Rg7 84. Qe4+ 1-0

[Event "Norway Chess 2015 Blitz"]
[Site "Stavanger"]
[Date "2015.06.15"]
[Round "8"]
[White "Topalov, Veselin"]
[Black "Anand, Viswanathan"]
[Result "1/2-1/2"]
[ECO "E10"]
[WhiteElo "2641"]
[BlackElo "2767"]
[Annotator ""]
[PlyCount "91"]
[EventDate "2015.??.??"]
[EventCountry "NOR"]
[TimeControl "180+2"]

1. d4 Nf6 2. c4 e6 3. Nf3 d5 4. e3 Be7 5. b3 O-O 6. Bb2 c5 7. dxc5 dxc4 8.
Bxc4 Qxd1+ 9. Kxd1 Bxc5 10. Ke2 Bd7 11. Rc1 Rc8 12. Bd3 Bc6 13.
Ne5 Nbd7 14. Nxc6 Rxc6 15. Nd2 Rac8 16. a3 Bd6 17. Rxc6 Rxc6 18. Rc1 Rxc1 19. Bxc1 Kf8 20. g3 Nd5 21. Be4 Nc3+ 22. Kd3 Nxe4 23. Nxe4 Be7 24. a4 f5 25. Nd2 Kf7 26. h3 e5 27. e4 g6 28. Bb2 Ke6 29. f3 h5 30. Bc3 a6 31. Bb2 Bb4 32. Nc4 Nc5+ 33. Ke3 fxe4 34. Nxe5 exf3 35. Nxg6 Nxb3 36. Nf4+ Kf7 37. Nxh5 Nc5 38. g4 Nxa4 39. Ba1 Bc3 40.
Bxc3 Nxc3 41. Kxf3 a5 42. Ke3 b5 43. Kd3 Nd5 44. Ng3 Nf4+ 45.
Kc3 Nxh3 46. Nf5 1/2-1/2

[Event "Norway Chess 2015 Blitz"]
[Site "Stavanger"]
[Date "2015.06.15"]
[Round "9"]
[White "Anand, Viswanathan"]
[Black "Nakamura, Hikaru"]
[Result "1/2-1/2"]
[ECO "B52"]
[WhiteElo "2767"]
[BlackElo "2883"]
[Annotator ""]
[PlyCount "38"]
[EventDate "2015.??.??"]
[EventCountry "NOR"]
[TimeControl "180+2"]

1. e4 c5 2. Nf3 d6 3. Bb5+ Bd7 4. Bxd7+ Nxd7 5. O-O Ngf6 6. Qe2 e6 7. c4 Ne5 8. Nxe5 dxe5 9. d3 Nd7 10. f4 exf4 11. Bxf4 Be7 12. Nc3 O-O 13. e5 Nb8 14. Kh1 Nc6 15. Rad1 Bg5 16. Bg3 Bh4 17. Bf4 Bg5 18. Bg3 Bh4 19. Bf4 Bg5 1/2-1/2

[Event "Norway Chess 2015 Blitz"]
[Site "Stavanger"]
[Date "2015.06.15"]
[Round "9"]
[White "Aronian, Levon"]
[Black "Grischuk, Alexander"]
[Result "1/2-1/2"]
[ECO "A48"]
[WhiteElo "2816"]
[BlackElo "2839"]
[Annotator ""]
[PlyCount "96"]
[EventDate "2015.??.??"]
[EventCountry "NOR"]
[TimeControl "180+2"]

1. d4 Nf6 2. Nf3 g6 3. Nbd2 c5 4. dxc5 Qa5 5. e4 Bg7 6. Qe2 Qxc5 7. c3 O-O 8.
Nb3 Qc7 9. g3 b6 10. Nfd4 Nxe4 11. Nb5 Qb7 12. Bg2 d5 13. O-O a6 14. N5d4 Nc6 15. Nxc6 Qxc6 16. Be3 Bb7 17. Rad1 Rac8 18. Rfe1 Rfe8 19. h4 h5 20. Nd2 Nxd2 21. Qxd2 e6 22. Bh6 Bh8 23. Bf4 b5 24. Be5 Bxe5 25. Rxe5 Qd6 26. Rde1 Qf8 27. g4 hxg4 28. h5 Rcd8 29. hxg6 Qg7 30. gxf7+ Kxf7 31. Rg5 Qf6 32. Rxg4 Ke7 33.
Qe3 Kd7 34. Qb6 Kc8 35. Qd4 Qxd4 36. cxd4 Re7 37. Rg6 Rde8 38.
Bh3 Kd7 39. Kf1 Bc8 40. Re5 Kc7 41. Ke2 Bd7 42. Bg4 b4 43. Ke3 a5 44. Rf6 Kd6 45. Bf3 Kc7 46. Bg4 Kd6 47. Bf3 Bc6 48. Bg4 Bd7 1/2-1/2

[Event "Norway Chess 2015 Blitz"]
[Site "Stavanger"]
[Date "2015.06.15"]
[Round "9"]
[White "Carlsen, Magnus"]
[Black "Hammer, Jon Ludvig"]
[Result "1-0"]
[ECO "D31"]
[WhiteElo "2933"]
[BlackElo "2648"]
[Annotator ""]
[PlyCount "109"]
[EventDate "2015.??.??"]
[EventCountry "NOR"]
[TimeControl "180+2"]

1. d4 d5 2. c4 e6 3. Nc3 c6 4. e3 Nf6 5. b3 Bb4 6. Bb2 Qa5 7.
Qc1 Ne4 8. Nge2 c5 9. a3 Bxc3+ 10. Nxc3 cxd4 11. b4 Qc7 12. Nxe4 dxe4 13. Bxd4 O-O 14. Be2 Nc6 15. Bb2 b6 16. O-O Bb7 17. c5 bxc5 18. Qxc5 Qe7 19. Rac1 Qxc5 20. Rxc5 Rfd8 21. b5 Na5 22. Rd1 Rxd1+ 23. Bxd1 Rd8 24. Bc2 Bd5 25. a4 Bb3 26. h4 Bxc2 27. Rxc2 h5 28. Bd4 Nb3 29. Bxa7 Rd1+ 30. Kh2 Ra1 31. b6 Na5 32. Rc5 Rxa4 33. Rxa5 Rxa5 34. b7 Rb5 35. b8=Q+ Rxb8 36. Bxb8 f6 37. Kg3 e5 38. f4 exf3 39. Kxf3 Kf7 40. e4 Ke6 41. g4 hxg4+ 42. Kxg4 g6 43. Ba7 Kf7 44. h5 f5+ 45. exf5 gxf5+ 46. Kxf5 Kg7 47. Be3 Kh7 48. Kxe5 Kg7 49. Kf5 Kh7
50. Kf6 Kh8 51. Kg6 Kg8 52. Bc5 Kh8 53. h6 Kg8 54.
h7+ Kh8 55. Bd4# 1-0

[Event "Norway Chess 2015 Blitz"]
[Site "Stavanger"]
[Date "2015.06.15"]
[Round "9"]
[White "Caruana, Fabiano"]
[Black "Giri, Anish"]
[Result "0-1"]
[ECO "B90"]
[WhiteElo "2679"]
[BlackElo "2771"]
[Annotator ""]
[PlyCount "74"]
[EventDate "2015.??.??"]
[EventCountry "NOR"]
[TimeControl "180+2"]

1. e4 c5 2. Nf3 d6 3. d4 cxd4 4. Nxd4 Nf6 5. Nc3 a6 6. Be3 e6 7. a4 Nc6 8.
Be2 Be7 9. O-O O-O 10. f4 Qc7 11. Kh1 Re8 12. Bd3 Nb4 13. Qf3 Bf8 14. a5 Bd7 15. Nb3 Bc6 16. Bb6 Qb8 17. Rae1 Nd7 18. Be3 Qc7 19. Qh3 b5 20.
axb6 Nxb6 21. Nd4 Na4 22. Nd1 Nxd3 23. cxd3 Rab8 24. f5 exf5 25. Nxf5 Bd7 26. Nh6+ gxh6 27. Qg3+ Kh8 28. Rxf7 Rb4 29. Ref1 Qd8 30. Nc3 Be6 31. Ra7 Re7 32. Rxa6 Nxc3 33. bxc3 Rbb7 34. Rxd6 Rbd7 35. Rxf8+ Qxf8 36. Bd4+ Rg7 37. Bxg7+ Rxg7 0-1

[Event "Norway Chess 2015 Blitz"]
[Site "Stavanger"]
[Date "2015.06.15"]
[Round "9"]
[White "Vachier-Lagrave, Maxime"]
[Black "Topalov, Veselin"]
[Result "1-0"]
[ECO "A06"]
[WhiteElo "2886"]
[BlackElo "2641"]
[Annotator ""]
[PlyCount "71"]
[EventDate "2015.??.??"]
[EventCountry "NOR"]
[TimeControl "180+2"]

1. Nf3 d5 2. g3 c6 3. Bg2 g6 4. O-O Bg7 5. d4 Bg4 6. Nbd2 Qc8 7. c4 Nf6 8. Ne5 Be6 9. cxd5 Nxd5 10. Nb3 Na6 11. e4 Nb6 12. Be3 O-O 13. Rc1 Bh3 14. Bxh3 Qxh3 15. Nd3 Rad8 16. Qe2 Qe6 17. Ndc5 Nxc5 18. Nxc5 Qc8 19. Rfd1 Nd7 20. d5 Nxc5 21. Bxc5 Rd7 22. dxc6 bxc6 23. Rxd7 Qxd7 24. Rd1 Qc7 25. b3 h5 26. Qa6 Qe5 27. Qxc6 h4 28. Qd5 Qb2 29. Bxe7 Rc8 30.
Bxh4 Qxa2 31. Bg5 Re8 32. Be3 Qc2 33. Rc1 Qxe4 34. Qxe4 Rxe4 35. Rc8+ Kh7 36. Rc7 1-0